 Dungeon Crawl Stone Soup version 0.18.1-50-g88ac8fd (webtiles) character file.

8206 Necrotakul the Fighter (level 11, -17/81 HPs)
             Began as an Octopode Fighter on Oct 19, 2016.
             Was a High Priest of Dithmenos.
             Demolished by Gastronok (30 damage)
             ... on level 1 of the Lair of Beasts on Oct 20, 2016.
             The game lasted 00:48:36 (14985 turns).

Necrotakul the Fighter (Octopode Fighter)          Turns: 14985, Time: 00:48:37

Health: -17/81     AC:  1    Str: 16    XL:     11   Next: 27%
Magic:  18/18      EV: 13    Int: 10    God:    Dithmenos [*****.]
Gold:   579        SH: 10    Dex: 15    Spells: 1 memorised, 18 levels left

rFire  . . .     SeeInvis .     a - +0 long sword
rCold  . . .     Gourm    +     b - +0 shield
rNeg   . . .     Faith    .     (helmet restricted)
rPois  .         Spirit   .     D - amulet of the gourmand
rElec  .         Dismiss  .     m - ring of protection from magic
rCorr  .         Reflect  .     (no ring)
SustAt .         Harm     .     (no ring)
MR     +....                    (no ring)
Stlth  ++++++....               (no ring)
                                (no ring)
                                (no ring)
                                (no ring)

@: wreathed by umbra, somewhat resistant to hostile enchantments, very stealthy
A: almost no armour, amphibious, 8 rings, constrict 8, camouflage 1, gelatinous
body 1
a: Shadow Step, Shadow Form, Renounce Religion


You were on level 1 of the Lair of Beasts.
You worshipped Dithmenos.
Dithmenos was extremely pleased with you.
You were very full.

You visited 3 branches of the dungeon, and saw 12 of its levels.
You also visited: Sewer and Ossuary.

You collected 579 gold pieces.

Inventory:

Hand Weapons
 a - a +0 long sword (weapon)
 K - a +0 blowgun
Missiles
 c - 143 arrows
 g - 2 throwing nets (quivered)
 O - 38 poisoned needles
 Q - 7 tomahawks
Armour
 b - a +0 shield (worn)
Jewellery
 m - a ring of protection from magic (left tentacle)
 y - an uncursed amulet of rage
 D - an amulet of the gourmand (around mantle)
Wands
 f - a wand of disintegration (9/24)
 l - a wand of disintegration (5/24)
 v - a wand of heal wounds (0/9)
 z - a wand of confusion (27/48)
 H - a wand of acid (0/15)
 P - a wand of digging (12/24)
Scrolls
 e - a scroll of enchant armour
 h - 2 scrolls of teleportation
 j - 5 scrolls of remove curse
 r - 4 scrolls of magic mapping
 s - 2 scrolls of enchant weapon {unknown}
 t - a scroll of vulnerability {unknown}
 u - 2 scrolls of fear
 x - 2 scrolls of blinking {unknown}
 B - 2 scrolls of immolation {unknown}
 I - a scroll of brand weapon {unknown}
 J - 2 scrolls of recharging {unknown}
 N - a scroll of noise {unknown}
Potions
 i - 4 potions of brilliance
 k - 2 potions of agility {unknown}
 n - 6 potions of heal wounds
 p - 2 potions of flight
 E - a potion of ambrosia {unknown}
 F - a potion of cancellation {unknown}
 G - a potion of magic {unknown}
 R - a potion of might
Books
 A - a book of Misfortune

   Spells                             Type                      Level
   a - Confusing Touch                Hexes                        2
   b - Confuse                        Hexes                        3
   c - Gell's Gravitas                Hexes/Translocation          3
   d - Petrify                        Transmutation/Earth          4
   e - Metabolic Englaciation         Hexes/Ice                    5
   f - Yara's Violent Unravelling     Hexes/Transmutation          5
 M - a book of Changes

   Spells                             Type                      Level
   a - Beastly Appendage              Transmutation                1
   b - Sticks to Snakes               Transmutation                2
   c - Spider Form                    Transmutation/Poison         3
   d - Ice Form                       Ice/Transmutation            4
   e - Blade Hands                    Transmutation                5
Comestibles
 d - 9 bread rations
 o - 6 beef jerkies
 q - 11 slices of pizza
 w - 12 fruits
 L - 3 meat rations


   Skills:
 - Level 10.0 Fighting
 - Level 9.6 Long Blades
 - Level 5.7 Dodging
 + Level 3.3 Stealth
 - Level 5.2 Shields
 - Level 5.0 Spellcasting
 - Level 6.0 Transmutations


You had 18 spell levels left.
You knew the following spells:

 Your Spells              Type           Power        Failure   Level  Hunger
a - Sticks to Snakes      Trmt           ##......     12%         2    ##.....


Dungeon Overview and Level Annotations

Branches:
Dungeon (10/15)            Temple (1/1) D:4            Lair (1/8) D:9
    Orc: D:9-12

Altars:
Ashenzari
Cheibriados
Dithmenos
Elyvilon
Fedhas
Gozag
Kikubaaqudgha
Makhleb
Nemelex Xobeh
Okawaru
Pakellas
Qazlal
Ru
Sif Muna
Trog
Vehumet
Xom
Yredelemnul
Zin
The Shining One

Shops:
D:6 }

Annotations:
Lair:1 Gastronok


Innate Abilities, Weirdness & Mutations

You cannot wear most types of armour.
You are amphibious.
You can wear up to eight rings at the same time.
You can use your tentacles to constrict eight enemies at once.
Your skin changes colour to match your surroundings (Stealth).
Your rubbery body absorbs attacks (AC +1).


Message History

You slash Gastronok!
Gastronok is heavily wounded.
You slash Gastronok! You squeeze Gastronok.
Gastronok is heavily wounded.
Gastronok bites you!!!
* * * LOW HITPOINT WARNING * * *
You hear a screech!
You hit Gastronok but do no damage.
Gastronok is heavily wounded.
You hit Gastronok.
Gastronok is heavily wounded.
Your shadow hits Gastronok with a long sword.
Gastronok closely misses you.
You hit Gastronok but do no damage.
Gastronok is heavily wounded.
You hit Gastronok.
Gastronok is heavily wounded.
Gastronok gurgles, "A snack!
A snack!"
Gastronok bites you!!
You die...

### ###### ..####....#
### ...##.....#####.##
....#............#
...........#.#.#@#
...........####.w#
...........# ##.H.
...........## ......
............# ......
...........## .......
.....#.....# ........
.#..##P...###..........
.#...............


You could see Gastronok and a hippogriff.

Vanquished Creatures
  A two-headed ogre (D:9)
  Prince Ribbit (D:5)
  4 yaks
  The ghost of hrelias the Ducker, an amateur DrBe of Trog (D:4)
  A human (D:7)
  A hog (D:7)
  A steam dragon (D:8)
  Edmund (D:5)
  4 water moccasins
  2 porcupines (Lair:1)
  2 ice beasts (D:9)
  4 orc warriors
  2 black bears
  3 sky beasts
  2 phantoms
  A necrophage (D:7)
  5 ogres
  4 crocodiles
  6 centaurs
  5 big kobolds
  7 giant frogs
  4 scorpions
  A wyvern skeleton (D:9)
  9 killer bees (D:7)
  3 howler monkeys
  A jelly (D:8)
  4 crimson imps
  2 giant frog zombies (D:5)
  2 hounds
  2 centaur skeletons
  3 orc priests
  12 orc wizards
  4 iguanas
  10 worker ants
  6 sheep
  8 big kobold zombies (Ossuary)
  2 hound skeletons
  A howler monkey zombie (D:5)
  A mummy (Ossuary)
  2 worker ant zombies (D:7)
  10 adders
  8 gnolls
  11 river rats
  3 shadow imps
  3 oozes
  An adder zombie (D:5)
  An adder skeleton (D:6)
  8 worms
  4 giant geckos
  43 orcs
  3 spectral bats (Ossuary)
  6 giant cockroaches
  5 hobgoblins
  12 jackals
  16 kobolds
  7 quokkas
  9 ball pythons
  A ball python skeleton (D:5)
  6 bats
  7 bat simulacra (Ossuary)
  A giant gecko skeleton (D:9)
  5 giant newts
  4 gnoll zombies (Ossuary)
  8 goblins
  A goblin simulacrum (Ossuary)
  4 goblin zombies (Ossuary)
  5 hobgoblin zombies (Ossuary)
  2 kobold simulacra (Ossuary)
  2 kobold zombies (Ossuary)
  7 orc zombies (Ossuary)
  A quokka skeleton (D:5)
  A quokka zombie (D:8)
  11 rats
  5 rat simulacra (Ossuary)
  3 spectral goblins (Ossuary)
  3 spectral kobolds (Ossuary)
  A spectral rat (Ossuary)
  A fungus (D:7)
364 creatures vanquished.

Vanquished Creatures (others)
  A bat simulacrum (Ossuary)
  8 fungi
  A plant (D:9)
10 creatures vanquished.

Grand Total: 374 creatures vanquished

Notes
Turn   | Place    | Note
--------------------------------------------------------------
     0 | D:1      | Necrotakul the Octopode Fighter began the quest for the Orb.
     0 | D:1      | Reached XP level 1. HP: 16/16 MP: 1/1
   419 | D:1      | Reached XP level 2. HP: 21/21 MP: 2/2
   855 | D:1      | Reached XP level 3. HP: 20/26 MP: 3/3
  1139 | D:2      | Found a basalt altar of Yredelemnul.
  1727 | D:2      | Reached XP level 4. HP: 33/33 MP: 4/4
  1855 | D:2      | Reached skill level 4 in Fighting
  2064 | D:3      | Noticed a crocodile
  2803 | D:4      | Reached XP level 5. HP: 8/38 MP: 5/5
  3040 | D:4      | Reached skill level 5 in Fighting
  3135 | D:4      | Reached XP level 6. HP: 14/45 MP: 6/6
  3222 | D:4      | Noticed hrelias's ghost (amateur DrBe)
  3241 | D:4      | Killed hrelias's ghost
  3241 | D:4      | Reached skill level 5 in Long Blades
  3292 | D:4      | Found a glowing drain.
  3300 | Sewer    | Entered a sewer
  3510 | Sewer    | Reached XP level 7. HP: 35/50 MP: 7/7
  4400 | D:4      | Found a staircase to the Ecumenical Temple.
  4406 | Temple   | Entered the Ecumenical Temple
  4423 | Temple   | Became a worshipper of Dithmenos the Shadowed
  4669 | D:4      | Reached skill level 5 in Shields
  4675 | D:4      | Reached XP level 8. HP: 45/55 MP: 8/8
  4817 | D:5      | Entered Level 5 of the Dungeon
  4952 | D:5      | Noticed Prince Ribbit
  4954 | D:5      | Killed Prince Ribbit
  4954 | D:5      | Reached skill level 5 in Dodging
  4974 | D:5      | Noticed Edmund
  4983 | D:5      | Killed Edmund
  4986 | D:5      | Found a radiant altar of Vehumet.
  5248 | D:5      | Reached skill level 6 in Fighting
  5387 | D:5      | Reached * piety under Dithmenos
  5660 | D:5      | Reached skill level 7 in Fighting
  5818 | D:5      | Found a snail-covered altar of Cheibriados.
  5848 | D:5      | You fall through a shaft for 2 floors!
  5873 | D:6      | Reached XP level 9. HP: 56/64 MP: 9/9
  5912 | D:6      | Reached skill level 8 in Fighting
  5936 | D:6      | Found a sand-covered staircase.
  5947 | Ossuary  | Entered an ossuary
  6058 | Ossuary  | Reached ** piety under Dithmenos
  6284 | Ossuary  | Reached *** piety under Dithmenos
  6589 | D:6      | Found Qyel's Gadget Shop.
  6618 | D:6      | Reached skill level 9 in Fighting
  7782 | D:7      | Reached skill level 10 in Fighting
  8086 | D:7      | Found a bloodstained altar of Trog.
  8204 | D:7      | Found a stormy altar of Qazlal.
  8206 | D:7      | Found a shimmering altar of Xom.
  8288 | D:7      | Reached XP level 10. HP: 63/75 MP: 10/10
  8891 | D:7      | Reached **** piety under Dithmenos
  9360 | D:7      | Learned a level 2 spell: Sticks to Snakes
  9473 | D:8      | Found an oddly glowing altar of Pakellas.
  9540 | D:8      | Reached skill level 1 in Spellcasting
  9540 | D:8      | Reached skill level 1 in Transmutations
 10538 | D:8      | Found an opulent altar of Gozag.
 11666 | D:9      | Reached ***** piety under Dithmenos
 12091 | D:9      | Found a staircase to the Lair.
 12162 | D:9      | Reached skill level 5 in Transmutations
 12383 | D:9      | Reached XP level 11. HP: 41/81 MP: 15/15
 13624 | D:10     | Entered Level 10 of the Dungeon
 13629 | D:10     | Noticed a tengu warrior
 14113 | Lair:1   | Entered Level 1 of the Lair of Beasts
 14147 | Lair:1   | Reached skill level 5 in Spellcasting
 14469 | Lair:1   | Reached skill level 1 in Stealth
 14968 | Lair:1   | Noticed Gastronok
 14985 | Lair:1   | Demolished by Gastronok

Skill      XL: |  1  2  3  4  5  6  7  8  9 10 11 |
---------------+----------------------------------+-----
Long Blades    | 3 4 6 7 9 |  9.6
Fighting       | 4 5 7 10 | 10.0
Dodging        | 4 5 |  5.7
Shields        | 5 |  5.2
Spellcasting   | 3 5 |  5.0
Transmutations | 5 6 |  6.0
Stealth        | 3 |  3.3

Action                   |  1- 3 |  4- 6 |  7- 9 | 10-12 || total
-------------------------+-------+-------+-------+-------++-------
Melee: Long sword        |    56 |    88 |   447 |   412 ||  1003
       Constrict         |    15 |    24 |   104 |    76 ||   219
       Tentacles         |    14 |    15 |    96 |   119 ||   244
 Fire: Blowgun           |       |       |       |    13 ||    13
 Cast: Sticks to Snakes  |       |       |       |     3 ||     3
Evoke: Wand              |       |       |     3 |     2 ||     5
  Use: Potion            |       |     4 |     2 |     2 ||     8
       Scroll            |       |     2 |     2 |    10 ||    14
 Stab: Sleeping          |     7 |     4 |    26 |    20 ||    57
       Distracted        |       |       |     2 |     1 ||     3
  Eat: Chunk             |     2 |     6 |    13 |    31 ||    52
       Royal jelly       |       |       |     1 |       ||     1
       Fruit             |       |       |     1 |       ||     1
Armor: Skin              |     8 |    11 |    39 |     7 ||    65
Dodge: Dodged            |    16 |    30 |   183 |   183 ||   412
Block: Shield            |    15 |    35 |   194 |   157 ||   401
